 Dungeon Crawl Stone Soup version 0.30-a0-782-ge64f9170bb (webtiles) character file.

Game seed: 5797814601498759618

56 Barriton the Firebug (level 3, -2/26 HPs)
             Began as a Draconian Fire Elementalist on Feb 28, 2023.
             Killed from afar by Ijyb (7 damage)
             ... with a puff of flame
             ... on level 3 of the Dungeon.
             The game lasted 00:03:51 (1900 turns).

Barriton the Firebug (Draconian Fire Elementalist)  Turns: 1900, Time: 00:03:52

Health: -2/26      AC:  6    Str: 10    XL:     3   Next: 69%
Magic:  2/6        EV: 12    Int: 22    God:
Gold:   159        SH:  0    Dex: 11    Spells: 3/6 levels left

rFire   . . .      SeeInvis .    (no weapon)
rCold   x . .      Faith    .    (no shield)
rNeg    . . .      Spirit   .    (body armour unavailable)
rPois   .          Reflect  .    (helmet restricted)
rElec   .          Harm     .    e - +0 cloak
rCorr   .          Rampage  .    (no gloves)
Will    .....                    (no boots)
Stlth   ++                       (no amulet)
HPRegen 0.24/turn                b - ring of Buaqes {rC- Int+5 Slay+4}
MPRegen 0.10/turn                (no ring)

@: lethally poisoned (-2 -> -15), very slightly contaminated
A: AC +5, unfitting armour, cold-blooded
a: no special abilities


You were on level 3 of the Dungeon.
You visited 1 branch of the dungeon, and saw 3 of its levels.

You collected 159 gold pieces.

Inventory:

Armour
 e - a +0 cloak (worn)
Jewellery
 b - the ring of Buaqes (left hand) {rC- Int+5 Slay+4}
   (You acquired it on level 1 of the Dungeon)

   [ring of slaying]

   Int:       It affects your intelligence (+5).
   Slay:      It affects your accuracy & damage with ranged weapons and melee
   (+4).
   rC:        It makes you vulnerable to cold.
Scrolls
 f - a scroll of poison {unknown}
 g - a scroll of teleportation {unknown}
Potions
 c - 2 potions of curing {unknown}
 d - a potion of flight
 h - a potion of resistance {unknown}


   Skills:
 + Level 2.0 Dodging
 + Level 2.0 Stealth
 + Level 0.5 Unarmed Combat
 + Level 2.3 Spellcasting
 + Level 1.7 Conjurations
 + Level 3.7 Fire Magic


You had 3 spell levels left.
You knew the following spells:

 Your Spells              Type           Power      Damage    Failure   Level
a - Foxfire               Conj/Fire      56%        2x1d6     4%          1
b - Scorch                Fire           38%        2d6       4%          2

Your spell library contained the following spells:

 Spells                   Type           Power      Damage    Failure   Level
 Inner Flame              Hex/Fire       10%        N/A       19%         3
 Kindle Blastsparks       Fire/Tloc/Air  16%        2d11      24%         3
 Flame Wave               Conj/Fire      14%        2d6       41%         4


Dungeon Overview and Level Annotations

Branches:
Dungeon (3/15)

Altars:

Annotations:
D:3 Ijyb


Innate Abilities, Weirdness & Mutations

Your plain brown scales are hard. (AC +5)
You cannot fit into any form of body armour.
You are cold-blooded and may be slowed by cold attacks.


Message History

Ijyb shouts!
Ijyb zaps a wand.
The puff of flame hits you!
Casting: Scorch (safe; 4% risk of failure)
Confirm with . or Enter, or press ? or * to list all spells.
You can't see any susceptible monsters within range! (Use Z to cast anyway.) Ijyb screams, "Me stronger than you!"
Casting: Scorch (safe; 4% risk of failure)
Confirm with . or Enter, or press ? or * to list all spells.
Flames lash Ijyb.
Ijyb is moderately wounded.
Ijyb's fire resistance burns away.
Casting: Scorch (safe; 4% risk of failure)
Confirm with . or Enter, or press ? or * to list all spells.
Flames lash Ijyb but do no damage.
Ijyb zaps a wand.
The puff of flame hits you.
Casting: Scorch (safe; 4% risk of failure)
Confirm with . or Enter, or press ? or * to list all spells.
Flames lash Ijyb.
Ijyb is burned terribly!
Ijyb is heavily wounded.
Ijyb hits you with a +2 dagger of venom.
You are poisoned.
Magic courses through your body.
You feel very sick. Ijyb closely misses you.
Casting: Scorch (safe; 4% risk of failure)
Confirm with . or Enter, or press ? or * to list all spells.
You miscast Scorch.
You are very lightly contaminated with residual magic.
Nothing appears to happen.
You feel sick.
Ijyb screams, "Level is mine!
All mine!"
Ijyb hits you but does no damage.
You are lethally poisoned!
Casting: Scorch (safe; 4% risk of failure)
Confirm with . or Enter, or press ? or * to list all spells.
Flames lash Ijyb.
Ijyb is burned terribly!
Ijyb is severely wounded.
* * * LOW HITPOINT WARNING * * *
You feel very sick.
Ijyb zaps a wand.
The puff of flame hits you!
You die...

#### ####...
############ #.....
...........# #.#.†
.....#####.## #.#†♣
....>.......###.#.♣
####(...........@.♣
.....#####..#####g♣
....## #........#.♣
###.# #.#..###)..♣
# #.# #.#..# #....♣
. .. . ...# #.##..♣
#. ##.##.# #. #..♣
#. . #.. .. #..♣
.... #.g.


You could see Ijyb (combustible).

Vanquished Creatures
  An adder (D:2)
  A worm (D:2)
  2 dart slugs
  An orc (D:3)
  5 ball pythons
  4 bats
  6 endoplasms
  2 giant cockroaches
  2 goblins (D:2)
  3 hobgoblins
  2 quokkas
  A frilled lizard (D:2)
  2 kobolds (D:1)
  3 rats
35 creatures vanquished.

Vanquished Creatures (others)
  67 foxfires
67 creatures vanquished.

Grand Total: 102 creatures vanquished

Notes
Turn   | Place    | Note
-------+----------+-------------------------------------------
     0 | D:1      | Barriton the Draconian Fire Elementalist began the quest
                  | for the Orb.
     0 | D:1      | Reached XP level 1. HP: 14/14 MP: 3/3
   387 | D:1      | Reached XP level 2. HP: 20/20 MP: 3/5
   611 | D:1      | Learned a level 2 spell: Scorch
   986 | D:1      | Identified a scroll of acquirement
   986 | D:1      | Acquired the ring of Buaqes {rC- Int+5 Slay+4}
  1296 | D:2      | Reached XP level 3. HP: 26/26 MP: 2/6
  1887 | D:3      | Noticed Ijyb
  1900 | D:3      | Killed from afar by Ijyb

Illustrated notes

Levels and vault maps discovered:
D:1:      mushboom_english_gardens, layout_loops_ring, st_stairs_8,
          chequers_serial_rivers_small_3
D:2:      layout_rooms, minmay_octomino_e4
D:3:      layout_loops_ring, kennysheep_orc_sif_temple,
          nicolae_overflow_crystal_walls, dilly_ecumenical_altar_fadedgnrine,
          uniq_robin, uniq_ijyb

Skill      XL: |  1  2  3 |
---------------+----------+-----
Stealth        | 2 |  2.0
Dodging        | 2 |  2.0
Unarmed Combat | |  0.5
Spellcasting   | |  2.3
Conjurations   | |  1.7
Fire Magic     | |  3.7

Action                     || total
---------------------------++-------
  Melee: Unarmed           ||    36
         Tailslap          ||     3
         Punch             ||     1
   Cast: Foxfire           ||    48
         Scorch            ||    13
    Use: Scroll            ||     4
         Potion            ||     1
 Armour: Skin              ||    23
  Dodge: Dodged            ||    39

Table legend: (Time is in decaauts)
 A = Elapsed time spent in this place.
 B = Non-inter-level travel time spent in this place.
 C = Inter-level travel time spent in this place.
 D = Time resting spent in this place.
 E = Time spent auto-exploring this place.
 F = Levels seen in this place.
 G = Mean time per level.
                   A        B        C        D        E       F      G
               +--------+--------+--------+--------+--------+-----+--------+
         Total |   1907 |   1885 |     22 |      0 |   1615 |   3 |  635.7 |
       Dungeon |   1907 |   1885 |     22 |      0 |   1615 |   3 |  635.7 |
               +--------+--------+--------+--------+--------+-----+--------+

Top non-repeatable levels by time:
     D:1: 1005 daAuts
     D:2: 567 daAuts
     D:3: 334 daAuts
